 Dungeon Crawl Stone Soup version 0.31.0-32-g396128a36d (webtiles) character file.

Game seed: 4870204033866526618

305 PaiMei the Purveyor of Pain (level 6, -1/46 HPs)
             Began as a Demonspawn Necromancer on Mar 20, 2024.
             Was an Initiate of Kikubaaqudgha.
             Slain by a gnoll bouda
             ... wielding a +0 club
              (4 damage)
             ... on level 5 of the Dungeon.
             The game lasted 00:05:41 (3773 turns).

PaiMei the Purveyor of Pain (DsNe)                  Turns: 3773, Time: 00:05:41

Health: -1/46      AC:  4    Str:  8    XL:     6   Next: 15%
Magic:  3/11       EV: 12    Int: 15    God:    Kikubaaqudgha [......]
Gold:   152        SH:  4    Dex: 14    Spells: 3/11 levels left

rFire   . . .        n - +5 mace of Extremism {vamp, rElec Int-2 SInv}
rCold   . . .        t - +0 buckler
rNeg    . . .        a - +0 robe
rPois   .            r - +0 helmet
rElec   +            (no cloak)
rCorr   .            q - +0 pair of gloves
SInv    +            (no boots)
Will    .....        (no amulet)
Stlth   ++           (no ring)
HPRegen 0.27/turn    (no ring)
MPRegen 0.12/turn

%: no passive effects
@: weakened
A: hooves 1, powered by pain 1, weakness stinger 1
a: Renounce Religion


You were on level 5 of the Dungeon.
You worshipped Kikubaaqudgha.
Kikubaaqudgha was noncommittal.
You visited 2 branches of the dungeon, and saw 6 of its levels.

You collected 152 gold pieces.

Inventory:

Hand Weapons
 n - the +5 mace of Extremism (weapon) {vamp, rElec Int-2 SInv}
   (You found it on level 2 of the Dungeon)

   Int-2:     It affects your intelligence (-2).
   rElec:     It insulates you from electricity.
   SInv:      It lets you see invisible.
Missiles
 d - 10 poisoned darts
 o - 4 atropa-tipped darts (quivered)
Armour
 a - a +0 robe (worn)
 q - a +0 pair of gloves (worn)
 r - a +0 helmet (worn)
 t - a +0 buckler (worn)
Scrolls
 c - 2 scrolls of teleportation {unknown}
 f - 2 scrolls of identify {unknown}
 m - a scroll of immolation {unknown}
 p - a scroll of fear {unknown}
 w - a scroll of blinking {unknown}
Potions
 b - a potion of magic
 e - a potion of enlightenment {unknown}
 g - a potion of degeneration {unknown}
 h - a potion of mutation {unknown}
 k - 3 potions of curing {unknown}
 l - a potion of attraction {unknown}
 s - a potion of invisibility {unknown}
 u - a potion of ambrosia {unknown}
 v - 2 potions of resistance {unknown}
 x - 2 potions of berserk rage {unknown}


   Skills:
 + Level 2.6 Fighting
 + Level 3.2 Dodging
 - Level 2.0 Stealth
 + Level 3.4 Spellcasting
 + Level 5.5 Necromancy


You had 3 spell levels left.
You knew the following spells:

 Your Spells              Type           Power      Damage    Failure   Level
a - Necrotise             Necr           76%        1d7       3%          1
b - Vampiric Draining     Necr           19%        2d7       10%         3
c - Animate Dead          Necr           19%        N/A       30%         4

Your spell library contained the following spells:

 Spells                   Type           Power      Damage    Failure   Level
 Curse of Agony           Necr           19%        N/A       65%         5


Dungeon Overview and Level Annotations

Branches:
Dungeon (5/15)             Temple (1/1) D:4

Altars:
Ashenzari
Cheibriados
Dithmenos
Fedhas
Gozag
Hepliaklqana
Kikubaaqudgha
Makhleb
Nemelex Xobeh
Okawaru
Qazlal
Ru
Sif Muna
Trog
Uskayaw
Vehumet
Wu Jian
Xom
Yredelemnul

Shops:
D:4 :


Innate Abilities, Weirdness & Mutations

You have large cloven feet.
You sometimes gain a little power by taking damage.
You have a small tail.


Message History

The phantom misses you.
The gnoll bouda hits you with a +0 club.
The gnoll barely misses you.
You hit the phantom.
Your tail-slap misses the phantom.
The phantom is heavily damaged.
The phantom closely misses you. The gnoll bouda completely misses you.
The gnoll hits you from afar with a +0 spear.
The gnoll bouda hits you with a +0 club!
The phantom barely misses you.
You closely miss the phantom.
The phantom is heavily damaged.
The gnoll is no longer moving quickly.
The gnoll hits you from afar with a +0 spear.
The phantom hits you.
* * * LOW HITPOINT WARNING * * *
The gnoll bouda gazes fiercely through you!
You feel your attacks grow feeble. The gnoll bouda closely misses you.
The gnoll barely misses you.
Casting: Necrotise (safe; 3% risk of failure)
Confirm with . or Enter, or press ? or * to list all spells.
You don't have enough magic to cast this spell.
Casting: Necrotise (safe; 3% risk of failure)
Confirm with . or Enter, or press ? or * to list all spells.
You don't have enough magic to cast this spell.
You barely miss the phantom.
The phantom is heavily damaged.
The gnoll is no longer moving quickly.
You block the phantom's attack.
The gnoll bouda hits you with a +0 club.
* * * LOW HITPOINT WARNING * * *
The gnoll hits you but does no damage.
The gnoll bouda hits you with a +0 club.
* * * LOW HITPOINT WARNING * * *
The phantom misses you.
You hit the phantom. You kick the phantom, but do no damage.
The phantom is heavily damaged.
The gnoll closely misses you. The phantom hits you.
* * * LOW HITPOINT WARNING * * *
The gnoll bouda hits you with a +0 club.
You die...
Kikubaaqudgha rasps: "You have failed me!
Welcome... death!"

###.## #.........#
##.######.###....#
##..##....☼#....#
##..#.....#....#
##...._.......#
###.....#...##
#....~#.%##
###W###### #@# #g#
#g# #g# #g# #)#
#.. #... ....g


You could see a phantom, a gnoll bouda and 3 gnolls.

Vanquished Creatures
  A scorpion (D:4)
  A hound (D:5)
  A jelly (D:5)
  A sleepcap (D:5)
  An iguana (D:4)
  An orc wizard (D:3)
  2 gnolls (D:5)
  3 adders
  A white imp (D:5)
  2 dart slugs
  A ribbon worm (D:2)
  9 orcs (D:3)
  3 endoplasms
  A giant cockroach (D:2)
  2 hobgoblins
  3 quokkas
  6 ball pythons
  3 bats
  3 frilled lizards
  A goblin (D:2)
  3 kobolds
  4 rats
53 creatures vanquished.

Vanquished Creatures (collateral kills)
  A dart slug (D:1)
1 creature vanquished.

Grand Total: 54 creatures vanquished

Notes
Turn   | Place    | Note
-------+----------+-------------------------------------------
     0 | D:1      | PaiMei the Demonspawn Necromancer began the quest for the
                  | Orb.
     0 | D:1      | Reached XP level 1. HP: 13/13 MP: 3/3
   526 | D:2      | Discovered your monstrous ancestry.
   526 | D:2      | Gained mutation: You have large cloven feet. [demonic
                  | ancestry]
   526 | D:2      | Reached XP level 2. HP: 19/19 MP: 1/5
   625 | D:2      | Identified the +5 mace of Extremism {vamp, rElec Int-2
                  | SInv}
   921 | D:2      | Found a faded altar of an unknown god.
  1292 | D:2      | Found a burning altar of Makhleb.
  1735 | D:3      | Reached XP level 3. HP: 25/25 MP: 0/6
  1739 | D:3      | Learned a level 3 spell: Vampiric Draining
  1934 | D:3      | Reached skill level 1 in Fighting
  2174 | D:3      | Reached XP level 4. HP: 28/32 MP: 0/8
  2307 | D:3      | Reached skill level 5 in Necromancy
  2761 | D:4      | Learned a level 4 spell: Animate Dead
  2778 | D:4      | Noticed a scorpion
  2785 | D:4      | Killed a scorpion
  2786 | D:4      | Gained mutation: You sometimes gain a little power by
                  | taking damage. [demonic ancestry]
  2786 | D:4      | Reached XP level 5. HP: 38/38 MP: 3/9
  2927 | D:4      | Found a staircase to the Ecumenical Temple.
  2953 | Temple   | Entered the Ecumenical Temple
  2985 | Temple   | Became a worshipper of Kikubaaqudgha
  3284 | D:4      | Found Xiytiumi's Book Emporium.
  3532 | D:5      | Entered Level 5 of the Dungeon
  3723 | D:5      | Found a stormy altar of Qazlal.
  3755 | D:5      | Gained mutation: You have a small tail. [demonic ancestry]
  3755 | D:5      | Reached XP level 6. HP: 46/46 MP: 3/11
  3773 | D:5      | Slain by a gnoll bouda

Illustrated notes

Levels and vault maps discovered:
D:1:      nzn_arrival_crosshair, layout_rooms, minmay_misc_feat_cross
D:2:      layout_loops_ring, nicolae_ecumenical_lake_church, basic_altar
D:3:      layout_basic
D:4:      layout_basic, minmay_temple_entry_large_hall, serial_shops, shop
D:5:      layout_cave_pods, grunt_qazlal_clouds,
          hangedman_abyss_or_decor_stagger, hangedman_decor_slide_cut
Temple:   mainiacjoe_temple_trianglar_array

Skill      XL: |  1  2  3  4  5 |
---------------+----------------+-----
Stealth        | 2 |  2.0
Dodging        | 2 3 |  3.2
Fighting       | 1 2 |  2.6
Necromancy     | 5 |  5.5
Spellcasting   | 3 |  3.4

Action                     |  1- 3 |  4- 6 || total
---------------------------+-------+-------++-------
  Melee: Dagger            |     4 |       ||     4
         Short sword       |     3 |       ||     3
         Mace              |     8 |    14 ||    22
         Kick              |     1 |     2 ||     3
         Punch             |     1 |       ||     1
         Tailslap          |       |     1 ||     1
   Cast: Necrotise         |    74 |    47 ||   121
         Vampiric Draining |       |     3 ||     3
 Armour: Robe              |    20 |    22 ||    42
  Dodge: Dodged            |    26 |    28 ||    54
  Block: Buckler           |       |     5 ||     5
